AoeStats
← [GG] Shevchenko 7

MegaRandom

504889837Analyzed
4v4 RM · 27d ago on Sep 6, 2026· 66m 13s· 8 players
Game mode
Random Map
Map size
Large (8 player)
Population
200
Speed
Normal
Resources
Standard
Victory
Conquest
Starting age
Dark Age
Ending age
Imperial Age
RankedLock teamsTeams togetherTeam positionsShared explorationLock speedFull tech treeHidden civsTurbo modeCheats
Victory
Defeat
1030
+14
🇧🇷 Magyars · Brazil
1006
+15
🇧🇷 Mongols · Brazil
971
+16
🇧🇷 Slavs · Brazil
909
+19
🇷🇺 Saracens · Russia
1019
-18
🇨🇦 Magyars · Canada
995
-17
🇨🇳 Mongols · China
954
-15
🇺🇸 Tatars · United States
935
-14
[GG] Raúl González Blanco
9:10 Loom
11:36 Feudal Age
18:56 Castle Age
19:58 Town Watch
20:33 Bloodlines
21:04 Fishing Lines
25:52 Kamandaran
27:05 Double-Bit Axe
29:14 Fletching
29:35 Crossbowman
30:20 Thumb Ring
32:24 Scale Barding Armor
32:19 Padded Archer Armor
32:00 Elite Skirmisher
33:11 Bodkin Arrow
36:25 Imperial Age
35:14 Town Patrol
35:42 Leather Archer Armor
35:47 Chain Barding Armor
36:07 Wheelbarrow
37:46 Chemistry
36:13 Cavalier
36:54 Husbandry
38:10 Ring Archer Armor
38:16 Plate Barding Armor
38:20 Forging
38:04 Horse Collar
38:57 Fervor
39:36 Scale Mail Armor
39:47 Murder Holes
41:21 Light Cavalry
43:19 Plate Barding Armor
43:20 Iron Casting
44:21 Ballistics
44:12 Masonry
46:41 Blast Furnace
45:56 Chain Mail Armor
47:35 Bow Saw
46:55 Savar
49:48 Plate Mail Armor
49:51 Architecture
49:39 Block Printing
49:19 Herbal Medicine
49:59 Theocracy
62:53 Heavy Plow
63:55 Two-Man Saw
65:24 Crop Rotation
[GG] Trezeguet
9:20 Feudal Age
9:40 Loom
10:10 Double-Bit Axe
10:11 Horse Collar
10:27 Gold Mining
13:37 Wheelbarrow
20:42 Castle Age
19:26 Stone Mining
19:40 Scale Mail Armor
20:18 Fletching
20:30 Padded Archer Armor
22:06 Hand Cart
23:40 Bow Saw
24:38 Heavy Plow
33:50 Imperial Age
31:58 Corvinian Army
33:16 Bloodlines
32:41 Light Cavalry
33:22 Husbandry
35:23 Chain Mail Armor
39:39 Scale Barding Armor
39:30 Bodkin Arrow
38:59 Elite Skirmisher
40:26 Crop Rotation
46:58 Chain Barding Armor
50:18 Plate Barding Armor
[GG] Ibrahimovic
5:51 Loom
13:56 Feudal Age
14:45 Town Watch
14:42 Man-at-Arms
15:52 Double-Bit Axe
15:51 Horse Collar
21:42 Wheelbarrow
23:01 Fishing Lines
26:10 Castle Age
24:46 Wheelbarrow
25:25 Forging
25:21 Scale Mail Armor
25:22 Padded Archer Armor
27:33 Chain Mail Armor
27:44 Leather Archer Armor
29:12 Long Swordsman
29:58 Squires
31:09 Gillnets
30:48 Pikeman
32:08 Iron Casting
33:15 Bow Saw
33:51 Fletching
35:06 Ballistics
34:42 Murder Holes
34:58 Masonry
37:17 Hand Cart
38:25 Elite Skirmisher
40:03 Town Patrol
54:41 Imperial Age
56:02 Hoardings
55:02 Halberdier
56:56 Plate Mail Armor
57:28 Blast Furnace
56:25 Bodkin Arrow
61:22 Ring Archer Armor
61:42 Two-Handed Swordsman
[GG] Shevchenko 7
9:39 Loom
12:51 Feudal Age
16:09 Scale Barding Armor
21:34 Castle Age
25:11 Husbandry
27:54 Light Cavalry
31:25 Forging
32:16 Fletching
33:37 Wheelbarrow
34:38 Hand Cart
38:15 Imperial Age
37:30 Bodkin Arrow
38:32 Pikeman
39:35 Chain Barding Armor
39:17 Bracer
39:17 Padded Archer Armor
39:53 Iron Casting
39:39 Bloodlines
41:07 Scale Mail Armor
40:48 Hussar
42:48 Leather Archer Armor
48:55 Chain Mail Armor
49:41 Blast Furnace
51:47 Plate Mail Armor
52:39 Elite Skirmisher
54:51 Capped Ram
61:27 Cavalier
64:41 Ballistics
vinche114
8:28 Loom
11:43 Feudal Age
12:24 Double-Bit Axe
13:03 Horse Collar
16:59 Bloodlines
16:58 Scale Barding Armor
19:07 Fishing Lines
19:16 Horse Collar
25:25 Castle Age
25:51 Scale Mail Armor
28:24 Wheelbarrow
27:19 Pikeman
28:18 Chain Mail Armor
27:28 Light Cavalry
31:17 Chain Mail Armor
36:50 Imperial Age
35:16 Bow Saw
35:59 Corvinian Army
36:59 Hussar
37:13 Elite Magyar Huszar
41:48 Hussar
42:29 Husbandry
43:22 Halberdier
50:00 Block Printing
50:33 Theocracy
52:21 Gold Mining
53:49 Sanctity
55:46 Hand Cart
58:48 Elite Magyar Huszar
Encebollado
13:22 Feudal Age
14:49 Horse Collar
14:57 Double-Bit Axe
23:23 Castle Age
24:21 Wheelbarrow
24:26 Bow Saw
24:46 Town Watch
24:48 Loom
26:36 Caravan
27:06 Coinage
27:35 Heavy Plow
30:26 Bimaristan
32:02 Coinage
32:53 Hand Cart
32:39 Town Patrol
33:18 Ballistics
34:14 Forging
34:04 Scale Mail Armor
34:09 Scale Barding Armor
33:55 Fletching
34:05 Padded Archer Armor
35:48 Iron Casting
41:25 Chain Mail Armor
41:31 Chain Barding Armor
41:26 Leather Archer Armor
41:06 Bodkin Arrow
41:26 Leather Archer Armor
46:43 Imperial Age
47:54 Elite Mameluke
49:48 Elite Skirmisher
61:23 Banking
st_augustine
1:19 Loom
10:11 Feudal Age
18:16 Castle Age
16:54 Double-Bit Axe
18:05 Horse Collar
18:20 Stone Mining
22:01 Heavy Plow
24:06 Fletching
29:19 Imperial Age
27:15 Padded Archer Armor
28:23 Gold Mining
28:53 Bow Saw
30:57 Wheelbarrow
30:08 Town Watch
31:14 Bodkin Arrow
32:43 Conscription
34:18 Heavy Cavalry Archer
35:54 Gold Shaft Mining
37:04 Bracer
37:19 Leather Archer Armor
39:13 Pikeman
40:05 Halberdier
41:39 Leather Archer Armor
912113973
1:51 Loom
14:19 Feudal Age
19:16 Castle Age
17:13 Horse Collar
18:11 Double-Bit Axe
18:59 Fishing Lines
19:41 Stone Mining
19:43 Gold Mining
20:43 Wheelbarrow
21:09 Bow Saw
25:21 Heavy Plow
27:59 Town Watch
32:21 Imperial Age
29:54 Padded Archer Armor
29:45 Fletching
30:09 Bloodlines
30:04 Light Cavalry
31:39 Caravan
32:35 Ballistics
32:44 Elite Mangudai
33:47 Conscription
33:46 Leather Archer Armor
35:10 Bodkin Arrow
35:44 Parthian Tactics
36:24 Chemistry
35:21 Murder Holes
36:51 Hand Cart
39:45 Thumb Ring
39:44 Bracer
49:37 Hussar
50:24 Scale Barding Armor
50:30 Forging
51:59 Chain Barding Armor
51:44 Husbandry
52:11 Herbal Medicine
54:10 Iron Casting
65:10 Blast Furnace
64:48 Elite Skirmisher
Connection lost

Rejoining the realm…

Still unreachable

The connection could not be restored.

Session expired

The server has moved on; the page needs a fresh start.